 Dungeon Crawl Stone Soup version 0.22.1-2-g9c5b331 (webtiles) character file.

5085 whitewolfNL the Basher (level 10, 0/84 HPs)
             Began as a Minotaur Berserker on Nov 14, 2018.
             Was an Elder of Trog.
             Slain by a gnoll
             ... wielding a +1 whip of electrocution
              (13 damage)
             ... on level 8 of the Dungeon.
             The game lasted 00:43:16 (9751 turns).

whitewolfNL the Basher (Minotaur Berserker)         Turns: 9751, Time: 00:43:25

Health: 0/84       AC: 10    Str: 28    XL:     10   Next: 31%
Magic:  0/11       EV: 11    Int:  5    God:    Trog [****..]
Gold:   309        SH:  5    Dex: 11    Spells: 9/9 levels left

rFire    . . .     SeeInvis +   t - +0 flail
rCold    + . .     Gourm    .   C - +0 buckler
rNeg     . . .     Faith    .   D - +0 chain mail
rPois    .         Spirit   +   (helmet restricted)
rElec    .         Reflect  .   B - scarf {Spirit}
rCorr    .         Harm     .   (no gloves)
MR       .....                  (no boots)
Stlth    ..........             (no amulet)
HPRegen  0.24/turn              n - ring of see invisible
MPRegen  0.12/turn              N - ring of protection from cold

@: mighty, about to teleport, berserk cooldown, slowed, very slow
A: retaliatory headbutt, horns 2
a: Berserk, Trog's Hand, Brothers in Arms, Renounce Religion


You were on level 8 of the Dungeon.
You worshipped Trog.
Trog was greatly pleased with you.
You were very hungry.

You visited 1 branch of the dungeon, and saw 8 of its levels.

You collected 349 gold pieces.
You spent 40 gold pieces at shops.

Inventory:

Hand Weapons
 a - a +0 mace
 o - a +2 falchion of holy wrath
 t - a +0 flail (weapon)
 T - a +1 hand axe of freezing
Missiles
 d - 362 stones (quivered)
 j - 50 sling bullets
 k - 80 arrows
 y - 2 throwing nets
 I - 18 bolts
Armour
 B - a scarf of spirit shield (worn)
 C - a +0 buckler (worn)
 D - a +0 chain mail (worn)
 K - the +0 cloak of Nyah {rPois}
   (You found it on level 6 of the Dungeon)

   It protects you from poison.
Jewellery
 n - a ring of see invisible (left hand)
 N - a ring of protection from cold (right hand)
Wands
 h - a wand of flame (27)
 s - a wand of digging (16)
 z - a wand of paralysis (15)
 G - a wand of clouds (11)
 Q - a wand of acid (9)
Scrolls
 l - a scroll of enchant armour
 q - 2 scrolls of fog
 u - 2 scrolls of teleportation
 v - a scroll of random uselessness {unknown}
 w - a scroll of amnesia {unknown}
 x - a scroll of blinking {unknown}
 A - a scroll of fear {unknown}
Potions
 e - 2 potions of might
 g - 2 potions of curing
 i - 2 potions of agility
 m - 2 potions of magic
 r - a potion of resistance
 E - 2 potions of flight
 H - a potion of haste {unknown}
 J - a potion of lignification
 R - a potion of heal wounds {unknown}
Comestibles
 c - 12 rations


   Skills:
 + Level 6.7 Fighting
 - Level 2.8 Long Blades
 * Level 11.9 Maces & Flails
 + Level 7.8 Armour
 * Level 6.3 Dodging
 + Level 2.1 Stealth
 + Level 4.7 Shields
 * Level 3.7 Evocations


You had 9 spell levels left.
You didn't know any spells.
Your spell library was empty.

Dungeon Overview and Level Annotations

Branches:
Dungeon (8/15)             Temple (0/1) D:5
   Lair: D:8-11

Altars:
Dithmenos
Gozag
Kikubaaqudgha
Makhleb
Nemelex Xobeh
Uskayaw
Vehumet
Wu Jian
Xom
The Shining One

Shops:
D:5 *


Innate Abilities, Weirdness & Mutations

You reflexively headbutt those who attack you in melee.
You have a pair of horns on your head.


Message History

* * * LOW HITPOINT WARNING * * *
You barely miss the ogre. Your headbutt misses the ogre.
The ogre is heavily wounded.
The ogre hits you but does no damage. The gnoll barely misses you.
You block the gnoll's attack.
You sock the ogre!
You kill the ogre!
Trog accepts your kill. You block the gnoll's attack. The gnoll misses you.
The gnoll hits you but does no damage.
You are electrocuted!
* * * LOW HITPOINT WARNING * * *
You feel better.
The crimson imp blinks!
The gnoll barely misses you.
You block the gnoll's attack. x2; The gnoll hits you but does no damage. x2
As you read the scroll of teleportation, it crumbles to dust.
You feel strangely unstable. The gnoll hits you but does no damage.
The gnoll closely misses you. The gnoll misses you.
The gnoll hits you with a whip of electrocution.
* * * LOW HITPOINT WARNING * * *
You are electrocuted!
You die...

. #.# .#...#. #.###
#.# .#...#. ##>).
... .#.....
......#.# ...#..#
#....#.# ##...#..#
#.#...g.###....#...
g......<.......##..
###...g####.....###
.....gg)@g§..#.....
###.########## ....
# .#% .. #


You could see 4 gnolls.

Vanquished Creatures
  A centaur warrior (D:8)
  Pikel (D:7)
  A deep elf mage (D:6)
  3 hippogriffs
  A spriggan (D:7)
  A wyvern (D:8)
  A hungry ghost (D:7)
  An ice beast (D:7)
  A sky beast (D:6)
  A slave (D:7)
  A phantom (D:6)
  6 ogres
  3 centaurs
  Blork the orc (D:5)
  3 bullfrogs
  A gnoll sergeant (D:8)
  2 scorpions
  3 howler monkeys
  2 crimson imps (D:5)
  A centaur zombie (D:7)
  A quasit (D:6)
  An orc priest (D:7)
  2 centaur skeletons
  2 hounds
  4 jellies
  2 orc wizards
  Crazy Yiuf (D:7)
  3 bullfrog skeletons
  6 iguanas
  5 worker ants
  Terence (D:2)
  2 hound skeletons
  A worker ant zombie (D:7)
  11 adders
  4 gnolls
  3 shadow imps
  An adder zombie (D:2)
  2 adder skeletons
  2 worms (D:2)
  A dart slug (D:1)
  2 leopard geckos
  13 orcs
  8 bats
  3 giant cockroaches
  6 goblins
  6 hobgoblins
  16 jackals
  7 kobolds
  4 quokkas
  4 ball pythons
  9 frilled lizards
  A leopard gecko skeleton (D:6)
  11 rats
180 creatures vanquished.

Vanquished Creatures (others)
  A slave (D:7)
1 creature vanquished.

Grand Total: 181 creatures vanquished

Notes
Turn   | Place    | Note
-------+----------+-------------------------------------------
     0 | D:1      | whitewolfNL the Minotaur Berserker began the quest for the
                  | Orb.
     0 | D:1      | Reached XP level 1. HP: 19/19 MP: 0/0
    81 | D:1      | Reached skill level 4 in Maces & Flails
   349 | D:1      | Reached XP level 2. HP: 23/27 MP: 1/1
  1017 | D:2      | Reached ** piety under Trog
  1040 | D:2      | Noticed Terence
  1047 | D:2      | Killed Terence
  1047 | D:2      | Reached XP level 3. HP: 17/33 MP: 2/2
  1493 | D:2      | Reached XP level 4. HP: 40/40 MP: 3/3
  1511 | D:2      | Reached skill level 5 in Maces & Flails
  1902 | D:2      | Found an ornate altar of the Wu Jian Council.
  1931 | D:2      | Found a shimmering altar of Xom.
  2055 | D:2      | Reached skill level 1 in Long Blades
  2273 | D:2      | Found a glowing golden altar of the Shining One.
  2407 | D:3      | Reached XP level 5. HP: 39/47 MP: 4/4
  2486 | D:3      | Found a shadowy altar of Dithmenos.
  3878 | D:4      | Found a burning altar of Makhleb.
  3888 | D:4      | Reached skill level 1 in Stealth
  3888 | D:4      | Reached XP level 6. HP: 46/53 MP: 5/5
  3898 | D:4      | Reached *** piety under Trog
  3992 | D:4      | Found a shadowy altar of Dithmenos.
  4584 | D:4      | Found a radiant altar of Vehumet.
  4844 | D:4      | Reached skill level 6 in Maces & Flails
  4844 | D:4      | Reached XP level 7. HP: 41/60 MP: 6/6
  5079 | D:5      | Entered Level 5 of the Dungeon
  5191 | D:5      | Noticed Blork the orc
  5206 | D:5      | Killed Blork the orc
  5206 | D:5      | Reached skill level 5 in Armour
  5214 | D:5      | Reached skill level 7 in Maces & Flails
  5664 | D:5      | Found an opulent altar of Gozag.
  5753 | D:5      | Found an ancient bone altar of Kikubaaqudgha.
  5812 | D:5      | Reached skill level 5 in Fighting
  6062 | D:5      | Found a staircase to the Ecumenical Temple.
  6434 | D:5      | Reached skill level 8 in Maces & Flails
  6434 | D:5      | Reached XP level 8. HP: 68/68 MP: 7/7
  6442 | D:5      | Reached skill level 1 in Shields
  6668 | D:5      | Found Odghux's General Store.
  6677 | D:5      | Bought a scroll of identify for 20 gold pieces
  6677 | D:5      | Bought a scroll of identify for 20 gold pieces
  7404 | D:6      | Got a shimmering cloak
  7456 | D:6      | Identified the +0 cloak of Nyah {rPois} (You found it on
                  | level 6 of the Dungeon)
  7515 | D:6      | Noticed a deep elf mage
  7520 | D:6      | Reached skill level 9 in Maces & Flails
  7523 | D:6      | Killed a deep elf mage
  7523 | D:6      | Reached skill level 1 in Evocations
  7914 | D:6      | Reached XP level 9. HP: 70/74 MP: 5/8
  7999 | D:6      | Reached **** piety under Trog
  8294 | D:7      | Found a hide-covered altar of Uskayaw.
  8308 | D:7      | Reached skill level 10 in Maces & Flails
  8308 | D:7      | Reached skill level 5 in Dodging
  8372 | D:7      | Paralysed by fainting for 10 turns
  9042 | D:7      | Found a sparkling altar of Nemelex Xobeh.
  9064 | D:7      | Noticed Pikel
  9079 | D:7      | Killed Pikel
  9079 | D:7      | Reached skill level 11 in Maces & Flails
  9423 | D:7      | Found a runed door.
  9427 | D:7      | Noticed Crazy Yiuf
  9440 | D:7      | Killed Crazy Yiuf
  9720 | D:8      | Noticed a centaur warrior
  9727 | D:8      | Reached XP level 10. HP: 69/84 MP: 7/11
  9739 | D:8      | Killed a centaur warrior
  9751 | D:8      | Slain by a gnoll

Skill      XL: |  1  2  3  4  5  6  7  8  9 10 |
---------------+-------------------------------+-----
Maces & Flails | 4 5 6 8 9 11 | 11.9
Fighting       | 4 5 6 |  6.7
Dodging        | 3 4 5 6 |  6.3
Long Blades    | 1 2 |  2.8
Armour         | 3 4 5 6 7 |  7.8
Stealth        | 1 2 |  2.1
Shields        | 3 4 |  4.7
Evocations     | 1 3 |  3.7

Action                   |  1- 3 |  4- 6 |  7- 9 | 10-12 || total
-------------------------+-------+-------+-------+-------++-------
Melee: Mace              |    39 |    43 |    36 |       ||   118
       Headbutt          |     9 |    15 |    56 |     6 ||    86
       Falchion          |    12 |    84 |       |       ||    96
       Flail             |       |       |   249 |    20 ||   269
Invok: Berserk           |       |     3 |    11 |       ||    14
  Use: Scroll            |       |     7 |     7 |     1 ||    15
       Potion            |       |       |       |     2 ||     2
 Stab: Sleeping          |     1 |       |       |       ||     1
  Eat: Chunk             |     2 |     9 |    20 |       ||    31
       Ration            |       |     1 |     2 |       ||     3
Armor: Animal skin       |    10 |       |       |       ||    10
       Scale mail        |     5 |    74 |    22 |       ||   101
       Ring mail         |       |     3 |    45 |       ||    48
       Chain mail        |       |       |    41 |    29 ||    70
Dodge: Dodged            |    37 |   107 |   140 |    26 ||   310
Block: Buckler           |       |       |    41 |    16 ||    57
       Rpst.: Falchion   |     2 |    13 |       |       ||    15
